 Dungeon Crawl Stone Soup version 0.31-a0-1172-g9944ec47dd (webtiles) character file.

Game seed: 13644572113639250809

134 bmb222 the Ruffian (level 5, 0/33 HPs)
             Began as an Octopode Shapeshifter on Dec 10, 2023.
             Slain by a river rat (6 damage)
             ... in a sewer.
             The game lasted 00:02:46 (1852 turns).

bmb222 the Ruffian (Octopode Shapeshifter)          Turns: 1852, Time: 00:02:46

Health: 0/33       AC:  1    Str: 18    XL:     5   Next: 17%
Magic:  5/5        EV: 13    Int: 19    God:
Gold:   78         SH:  0    Dex: 11    Spells: 4/4 levels left

rFire   + +          .
                       - Unarmed
rCold   x . .        (no shield)
rNeg    . . .        (helmet currently unavailable)
rPois   .            (no amulet)
rElec   .            p - ring "Deytetin" {rF++ rC- Str+3 Int+6}
rCorr   .            l - ring of see invisible
SInv    +            (no ring)
Will    .....        (no ring)
Stlth   ++++         (no ring)
HPRegen 0.25/turn    (no ring)
MPRegen 0.09/turn    (no ring)
                     (no ring)

%: no passive effects
@: beast-form
A: beast (slay +2), almost no armour, amphibious, 8 rings, camouflage 1,
gelatinous body 1, nimble swimmer 1, tentacles
a: Begin Untransformation


You were in a sewer.
You were a hulking beast.
You visited 1 branch of the dungeon, and saw 4 of its levels.
You also visited: Sewer.

You collected 78 gold pieces.

Inventory:

Jewellery
 l - a ring of see invisible (right tentacle)
 p - the ring "Deytetin" (left tentacle) {rF++ rC- Str+3 Int+6}
   (You found it on level 2 of the Dungeon)

   [ring of intelligence]

   Str+3:     It affects your strength (+3).
   Int+6:     It affects your intelligence (+6).
   rF++:      It greatly protects you from fire.
   rC-:       It makes you vulnerable to cold.
Talismans
 b - a beast talisman
 c - a flux talisman
Scrolls
 g - a scroll of immolation {unknown}
 h - a scroll of noise {unknown}
 j - 3 scrolls of fog {unknown}
 k - a scroll of silence {unknown}
 n - 4 scrolls of identify {unknown}
 q - a scroll of amnesia {unknown}
Potions
 a - a potion of lignification
 d - a potion of heal wounds {unknown}
 e - 2 potions of curing {unknown}
 f - 2 potions of might {unknown}
 i - a potion of cancellation {unknown}
 m - a potion of berserk rage {unknown}
 o - a potion of degeneration {unknown}


   Skills:
 + Level 1.2 Fighting
 + Level 2.5 Dodging
 * Level 2.6 Stealth
 * Level 4.3 Unarmed Combat
 + Level 3.7 Shapeshifting


You had 4 spell levels left.
You didn't know any spells.
Your spell library contained the following spells:

 Spells                   Type           Power      Damage    Failure   Level
 Poisonous Vapours        Pois/Air       0%         N/A       30%         2
 Mephitic Cloud           Conj/Pois/Air  0%         N/A       52%         3
 Freezing Cloud           Conj/Ice/Air   0%         6-21      99%         5


Dungeon Overview and Level Annotations

Branches:
Dungeon (4/15)              Sewer (1/1)
 Temple: D:4-7

Altars:

Annotations:
D:4 Pikel


Innate Abilities, Weirdness & Mutations

You are a hulking beast.
Your limbs bulge with bestial killing power. (Slay +2)
You cannot wear most types of armour.
You are amphibious.
You can wear up to eight rings at the same time.
Your skin changes colour to match your surroundings (Stealth+).
Your rubbery body absorbs attacks. (AC +1, EV +1)
You are camouflaged when in or above water. (Stealth+)
You have tentacles for arms and can constrict up to eight enemies at once.


Message History

You completely miss the adder. Your grab misses the adder.
Your squeeze misses the adder. The jackal barely misses you.
The adder bites you.
You are poisoned.
The adder poisons you!
You bludgeon the adder! Your grab misses the adder.
The adder is almost dead.
You feel sick. The jackal bites you. The adder bites you.
The jackal barely misses you.
You bludgeon the adder!
You kill the adder!
You feel sick.
The jackal bites you but does no damage.
You tentacle-slap the jackal but do no damage.
You grab the jackal. You constrict the jackal.
You feel sick. The jackal bites you.
A river rat comes into view.
You tentacle-slap the jackal. You squeeze the jackal.
You kill the jackal!
You feel sick.
You barely miss the worm. Your grab misses the worm. You squeeze the worm!
The worm is heavily wounded.
You feel sick. The river rat bites you!
You are too injured to fight recklessly!
You feel sick.
You are no longer poisoned.
You enter the shallow water.
The river rat attacks as it pursues you!
The river rat barely misses you.
A bat comes into view.
The river rat attacks as it pursues you!
The river rat bites you!
* * * LOW HITPOINT WARNING * * *
You bludgeon the river rat! Your grab misses the river rat.
The river rat is severely wounded.
The river rat completely misses you.
You closely miss the river rat. You grab the river rat.
The river rat is severely wounded.
You constrict the river rat. The river rat bites you.
You die...

#≈≈~# #≈≈~# #b≈~#
#≈≈~# #≈≈~# #~≈.#
+..+ #≈≈~# #~≈~#
+..+ #≈≈~# #~≈~#
#..# #≈h~# #.≈~#
#~.# #≈r~# #~≈~#
#.~# #≈≈~# #~≈~#
#~~#
#≈≈†###~≈~####~~###
#≈≈~~~~~~~†~~~~~~~~
#≈≈≈≈≈≈≈≈≈≈≈≈≈~~≈≈≈
#≈≈≈~~~~~~~~~~~.~~~
#≈≈≈w##############
#≈≈~.##


You could see a worm, a river rat and a bat (asleep).

Vanquished Creatures
  5 adders
  A dart slug (D:1)
  3 worms
  8 bats
  6 endoplasms
  6 giant cockroaches
  5 goblins
  2 hobgoblins
  12 jackals
  4 quokkas
  4 ball pythons (D:1)
  3 frilled lizards
  4 kobolds
  9 rats
72 creatures vanquished.

Notes
Turn   | Place    | Note
-------+----------+-------------------------------------------
     0 | D:1      | bmb222 the Octopode Shapeshifter began the quest for the
                  | Orb.
     0 | D:1      | Reached XP level 1. HP: 13/13 MP: 1/1
   135 | D:1      | Reached XP level 2. HP: 17/18 MP: 2/2
   569 | D:1      | Reached XP level 3. HP: 23/23 MP: 3/3
   926 | D:2      | Reached skill level 1 in Stealth
   973 | D:2      | Reached XP level 4. HP: 6/28 MP: 4/4
  1284 | D:2      | Reached skill level 4 in Unarmed Combat
  1375 | D:2      | Identified the ring "Deytetin" {rF++ rC- Str+3 Int+6}
  1681 | D:3      | You fall into a shaft and drop 1 floor!
  1684 | D:4      | Noticed a lemure
  1684 | D:4      | Noticed a lemure
  1685 | D:4      | Noticed a lemure
  1685 | D:4      | Noticed a lemure
  1685 | D:4      | Noticed Pikel
  1698 | D:3      | Found a glowing drain.
  1733 | Sewer    | Entered a sewer
  1775 | Sewer    | Reached XP level 5. HP: 32/33 MP: 5/5
  1852 | Sewer    | Slain by a river rat

Illustrated notes

Levels and vault maps discovered:
D:1:      scummos_arrival_checkerplants, layout_loops_ring,
          minmay_misc_feat_four_crosses
D:2:      layout_loops_ring, minivault_26, minmay_distorted
D:3:      layout_basic, portal_sewer_entry_f
D:4:      layout_basic, minmay_temple_entry_wispy, enter_ossuary_1, uniq_pikel
Sewer:    sewer_fruit_machine

Skill      XL: |  1  2  3  4 |
---------------+-------------+-----
Stealth        | 1 2 |  2.6
Unarmed Combat | 4 |  4.3
Fighting       | |  1.2
Dodging        | |  2.5
Shapeshifting  | |  3.7

Action                     |  1- 3 |  4- 6 || total
---------------------------+-------+-------++-------
  Melee: Unarmed           |    62 |    77 ||   139
         Constrict         |    16 |    19 ||    35
         Tentacles         |    16 |    14 ||    30
         Punch             |       |     3 ||     3
   Stab: Sleeping          |     6 |     9 ||    15
 Armour: Skin              |    32 |    35 ||    67
  Dodge: Dodged            |    52 |    42 ||    94

Table legend: (Time is in decaauts)
 A = Elapsed time spent in this place.
 B = Non-inter-level travel time spent in this place.
 C = Inter-level travel time spent in this place.
 D = Time resting spent in this place.
 E = Time spent auto-exploring this place.
 F = Levels seen in this place.
 G = Mean time per level.
                   A        B        C        D        E       F      G
               +--------+--------+--------+--------+--------+-----+--------+
         Total |   1840 |   1801 |     39 |    243 |   1138 |   5 |  368.0 |
       Dungeon |   1723 |   1684 |     39 |    243 |   1103 |   4 |  430.8 |
         Sewer |    116 |    116 |      0 |      0 |     35 |   1 |  116.0 |
               +--------+--------+--------+--------+--------+-----+--------+

Top non-repeatable levels by time:
     D:1: 890 daAuts
     D:2: 769 daAuts
   Sewer: 116 daAuts
     D:3: 52 daAuts
     D:4: 11 daAuts
